 Dungeon Crawl Stone Soup version 0.28.0-43-g3370ac3207 (webtiles) character file.

Game seed: 14946372099890904008

6480 Pinkishskies the Cleaver (level 10, -1/90 HPs)
             Began as a Minotaur Fighter on Mar 8, 2022.
             Was a Believer of the Shining One.
             Slain by a seven-headed hydra (2 damage)
             ... on level 2 of the Lair of Beasts.
             The game lasted 00:40:41 (11072 turns).

Pinkishskies the Cleaver (Minotaur Fighter)        Turns: 11072, Time: 00:40:41

Health: -1/90      AC: 15    Str: 24    XL:     10   Next: 68%
Magic:  9/9        EV:  4    Int:  5    God:    the Shining One [**....]
Gold:   524        SH: 16    Dex: 17    Spells: 9/9 levels left

rFire   . . .      SeeInvis .   a - +1 war axe
rCold   + . .      Faith    .   Q - +0 tower shield
rNeg    + . .      Spirit   .   p - +0 plate armour
rPois   .          Reflect  .   (helmet restricted)
rElec   .          Harm     .   (no cloak)
rCorr   .          Rampage  .   x - +0 pair of gloves
Will    .....                   (no boots)
Stlth   ..........              (no amulet)
HPRegen 0.25/turn               m - +6 ring of dexterity
MPRegen 0.11/turn               n - ring of protection from cold

@: brilliant, glowing
A: horns 2, retaliatory headbutt
a: Renounce Religion, Divine Shield


You were on level 2 of the Lair of Beasts.
You worshipped the Shining One.
The Shining One was pleased with you.
You visited 3 branches of the dungeon, and saw 12 of its levels.
You also visited: Sewer.

You collected 524 gold pieces.

Inventory:

Hand Weapons
 a - a +1 war axe (weapon)
 K - a +2 trident of flaming
Missiles
 D - 4 javelins (quivered)
 N - 9 poisoned darts
 O - 76 stones
 R - 6 silver javelins
Armour
 b - a +0 scale mail
 c - a +0 buckler
 p - a +0 plate armour (worn)
 x - a +0 pair of gloves (worn)
 Q - a +0 tower shield (worn)
Magical Staves
 e - a staff of cold
 B - a staff of poison
Jewellery
 m - a +6 ring of dexterity (left hand)
 n - a ring of protection from cold (right hand)
 t - a ring of ice
 E - the ring of the Turtledove {Will+ MP+9 Int+2 Stlth+}
   (You found it on level 5 of the Dungeon)

   [ring of magical power]

   Int:       It affects your intelligence (+2).
   MP:        It affects your magic capacity (+9).
   Will:      It increases your willpower.
   Stlth:     It makes you more stealthy.
 M - a ring of protection from cold
Wands
 r - a wand of polymorph (8)
 F - a wand of mindburst (20)
 I - a wand of flame (12)
 L - a wand of charming (13)
Scrolls
 g - 4 scrolls of identify
 h - 3 scrolls of amnesia
 i - 2 scrolls of fear
 j - a scroll of acquirement {unknown}
 k - a scroll of enchant weapon
 l - a scroll of magic mapping {unknown}
 s - a scroll of teleportation {unknown}
 w - 2 scrolls of vulnerability
 y - 2 scrolls of noise
 P - a scroll of holy word {unknown}
Potions
 d - a potion of attraction
 f - 2 potions of curing
 o - 2 potions of mutation {unknown}
 u - a potion of cancellation
 z - 3 potions of degeneration
 A - 8 potions of flight
 C - a potion of heal wounds {unknown}
 G - 2 potions of ambrosia
 H - a potion of haste {unknown}
 J - a potion of lignification {unknown}


   Skills:
 + Level 8.8 Fighting
 + Level 13.1 Axes
 + Level 9.1 Armour
 + Level 1.3 Dodging
 + Level 0.7 Stealth
 + Level 7.6 Shields
 + Level 0.7 Invocations
 + Level 3.7 Evocations


You had 9 spell levels left.
You didn't know any spells.
Your spell library contained the following spells:

 Spells                   Type           Power      Damage    Failure   Level
 Sublimation of Blood     Necr           0%         N/A       100%        2
 Wereblood                Tmut           0%         N/A       100%        2
 Call Canine Familiar     Summ           0%         N/A       100%        3
 Frozen Ramparts          Ice            0%         1d2       100%        3
 Mephitic Cloud           Conj/Pois/Air  0%         N/A       100%        3
 Portal Projectile        Hex/Tloc       0%         N/A       100%        3
 Hailstorm                Conj/Ice       0%         3d3       100%        4
 Ice Form                 Ice/Tmut       0%         N/A       100%        4
 Leda's Liquefaction      Hex/Erth       0%         N/A       100%        4
 Summon Ice Beast         Ice/Summ       0%         N/A       100%        4
 Eringya's Noxious Bog    Tmut/Pois      0%         N/A       100%        6
 Simulacrum               Ice/Necr       0%         N/A       100%        6
 Summon Hydra             Summ           0%         N/A       100%        7
 Disjunction              Tloc           0%         N/A       100%        8


Dungeon Overview and Level Annotations

Branches:
Dungeon (9/15)             Temple (1/1) D:4            Lair (2/6) D:9
  Sewer (visited)
  Swamp: Lair:2-4    Shoals: Lair:2-4     Snake: Lair:2-4    Spider: Lair:2-4
    Orc: D:9-12

Altars:
Ashenzari
Dithmenos
Elyvilon
Gozag
Hepliaklqana
Kikubaaqudgha
Makhleb
Nemelex Xobeh
Okawaru
Ru
Sif Muna
Trog
Uskayaw
Wu Jian
Yredelemnul
The Shining One

Shops:
D:9 [

Annotations:
D:3 1 runed translucent door, Crazy Yiuf, Sigmund


Innate Abilities, Weirdness & Mutations

You have a pair of horns on your head.
You reflexively headbutt those who attack you in melee.


Message History

The seven-headed hydra resists with almost no effort.
You block the seven-headed hydra's attack. x3
The seven-headed hydra bites you but does no damage.
The seven-headed hydra bites you.
The seven-headed hydra bites you but does no damage. x2
You block the seven-headed hydra's attack. x2
The seven-headed hydra bites you but does no damage.
The seven-headed hydra bites you.
The seven-headed hydra bites you but does no damage.
The seven-headed hydra bites you.
* * * LOW HITPOINT WARNING * * *
The seven-headed hydra bites you.
* * * LOW HITPOINT WARNING * * *
You climb upwards.
There is a stone staircase leading down, spattered with blood here.
You feel better. You block the cane toad's attack.
The seven-headed hydra barely misses you.
The seven-headed hydra bites you.
The seven-headed hydra bites you but does no damage. x2
You block the seven-headed hydra's attack. x3
The cane toad stings you!
* * * LOW HITPOINT WARNING * * *
You block the seven-headed hydra's attack.
The seven-headed hydra bites you but does no damage.
You block the seven-headed hydra's attack.
The seven-headed hydra bites you but does no damage.
The seven-headed hydra barely misses you.
The seven-headed hydra bites you but does no damage.
The seven-headed hydra bites you.
* * * LOW HITPOINT WARNING * * *
The cane toad stings you!
* * * LOW HITPOINT WARNING * * *
You climb downwards.
There is a stone staircase leading up here.
Unknown command.
It was a potion of brilliance.
You feel clever all of a sudden.
You block the seven-headed hydra's attack. x2
The seven-headed hydra bites you.
You die...

≈.......
......#
......# .....#
.....# #....##
#F....#
#@....#
≈≈≈.≈.D.....#
....###....#.#
.. #....#
#.....#
......#
#....## #.....


You could see a seven-headed hydra and a cane toad.

Vanquished Creatures
  A two-headed ogre (D:7)
  6 yaks (Lair:1)
  Grum (D:8)
  3 wargs (D:9)
  3 water moccasins (D:7)
  3 ice beasts
  A black bear (D:5)
  2 necrophages
  8 wolves
  A centaur (D:8)
  3 phantoms
  A kobold brigand (D:8)
  3 bullfrogs
  A gnoll sergeant (D:7)
  A wyvern zombie (D:6)
  A water moccasin zombie (D:5)
  5 scorpions
  A bullfrog zombie (D:6)
  2 hounds
  5 jellies
  7 orc priests
  A centaur skeleton (D:5)
  A gnoll shaman (D:5)
  9 orc wizards
  5 iguanas
  A hound zombie (D:5)
  7 adders
  9 gnolls
  A river rat (Sewer)
  An ufetubus (D:6)
  An adder skeleton (D:4)
  4 worms
  3 dart slugs
  26 orcs
  13 ball pythons
  6 endoplasms
  6 giant cockroaches
  11 hobgoblins
  6 jackals
  11 quokkas
  10 bats
  4 frilled lizards
  5 goblins
  11 kobolds
  5 rats
216 creatures vanquished.

Vanquished Creatures (collateral kills)
  A two-headed ogre (D:9)
  A yak (Lair:1)
  A wolf (D:8)
  A howler monkey zombie (D:9)
4 creatures vanquished.

Vanquished Creatures (others)
  A wind drake (Lair:1)
  A yak (Lair:1)
  3 fungi (Lair:1)
  3 plants
8 creatures vanquished.

Grand Total: 228 creatures vanquished

Notes
Turn   | Place    | Note
-------+----------+-------------------------------------------
     0 | D:1      | Pinkishskies the Minotaur Fighter began the quest for the
                  | Orb.
     0 | D:1      | Reached XP level 1. HP: 19/19 MP: 0/0
   379 | D:1      | Reached XP level 2. HP: 17/27 MP: 1/1
  1205 | D:2      | Reached skill level 3 in Axes
  1267 | D:2      | Reached XP level 3. HP: 33/33 MP: 2/2
  1279 | D:2      | Found a faded altar of an unknown god.
  1446 | D:2      | Reached XP level 4. HP: 24/40 MP: 3/3
  1901 | D:3      | Noticed Sigmund
  1988 | D:4      | Found a glowing drain.
  1992 | Sewer    | Entered a sewer
  2007 | Sewer    | Reached skill level 1 in Dodging
  2057 | Sewer    | Reached skill level 4 in Axes
  2374 | Sewer    | Reached XP level 5. HP: 31/46 MP: 4/4
  2598 | Sewer    | Reached skill level 5 in Armour
  3049 | D:4      | Reached skill level 5 in Axes
  3330 | D:4      | Found a staircase to the Ecumenical Temple.
  3358 | Temple   | Entered the Ecumenical Temple
  3466 | Temple   | Became a worshipper of the Shining One
  3519 | D:4      | Reached XP level 6. HP: 50/53 MP: 5/5
  3890 | D:4      | Found a burning altar of Makhleb.
  3901 | D:4      | Reached skill level 6 in Axes
  4317 | D:3      | Reached skill level 5 in Fighting
  4558 | D:3      | Found a runed translucent door.
  4559 | D:3      | Noticed Crazy Yiuf
  5061 | D:5      | Entered Level 5 of the Dungeon
  5075 | D:4      | Reached XP level 7. HP: 61/61 MP: 6/6
  5326 | D:5      | Reached skill level 7 in Axes
  5597 | D:5      | Reached skill level 8 in Axes
  5879 | D:5      | Reached * piety under the Shining One
  5959 | D:5      | Identified the ring of the Turtledove {Will+ MP+9 Int+2
                  | Stlth+}
  6243 | D:6      | Reached XP level 8. HP: 59/70 MP: 7/7
  6555 | D:6      | Reached skill level 9 in Axes
  6652 | D:6      | Reached skill level 5 in Shields
  7575 | D:7      | Reached skill level 10 in Axes
  7887 | D:7      | Reached ** piety under the Shining One
  7890 | D:7      | Reached XP level 9. HP: 79/79 MP: 8/8
  8293 | D:7      | Found an ancient bone altar of Kikubaaqudgha.
  8371 | D:7      | Reached skill level 11 in Axes
  8916 | D:7      | Noticed a two-headed ogre
  8934 | D:7      | Killed a two-headed ogre
  8935 | D:7      | Reached skill level 1 in Evocations
  9502 | D:8      | Noticed Grum
  9542 | D:8      | Killed Grum
  9547 | D:8      | Reached skill level 12 in Axes
  9548 | D:8      | Found an ornate altar of the Wu Jian Council.
  9743 | D:8      | Found a hide-covered altar of Uskayaw.
  9747 | D:8      | Got the Grimoire of Poisoning and the Traveller
 10051 | D:9      | Found Luntaoth's Antique Armour Shop.
 10063 | D:9      | Reached XP level 10. HP: 88/88 MP: 9/9
 10171 | D:9      | Noticed a two-headed ogre
 10182 | D:9      | Killed a two-headed ogre
 10196 | D:9      | Found a sparkling altar of Nemelex Xobeh.
 10206 | D:9      | Found a bloodstained altar of Trog.
 10595 | D:9      | Found a staircase to the Lair.
 10623 | D:9      | Identified the +1 rapier of Analysis {speed, rF+ rN+}
 10637 | D:9      | Noticed a two-headed ogre
 10663 | Lair:1   | Entered Level 1 of the Lair of Beasts
 10869 | Lair:1   | Reached skill level 13 in Axes
 11041 | Lair:1   | Noticed a seven-headed hydra
 11042 | Lair:1   | Noticed a cane toad
 11070 | Lair:1   | HP: 1/90 [cane toad (9)]
 11072 | Lair:2   | Slain by a seven-headed hydra

Illustrated notes

Levels and vault maps discovered:
D:1:      dpeg_arrival_boxorama, layout_loops_ring, minmay_vboxes
D:2:      layout_rooms, hellmonk_ecumenical_altar_arch_garden,
          serial_bayou_pond_e, serial_bayou_pond_d
D:3:      layout_loops_corners, uniq_crazy_yiuf_cottage, uniq_sigmund
D:4:      layout_loops_ring, lightli_temple_of_fire,
          minmay_temple_entry_statues_pillars, gup_sewer_entry_bowl
D:5:      layout_cave_pods
D:6:      layout_loops_corners
D:7:      layout_layer_cave, general_overflow_altar
D:8:      layout_cave_pools, mainiacjoe_overflow_boulevard,
          nicolae_uskayaw_dance_hall, uniq_grum
D:9:      layout_loops_ring, kennysheep_mini_moat, mainiacjoe_overflow_alcove_1,
          tgw_xom, erik_lair_orcish_takeover, serial_shops, shop,
          supply_closet_lemuel
Temple:   jpeg_temple_alley_garden
Lair:1:   layout_gridlike, basic_altar, lemuel_fruit_fields
Lair:2:   layout_long_grid, minmay_shoals_entry_beasts,
          minmay_snake_entry_six_corridors, infiniplex_staircase_pool_2,
          grunt_megastairs_4

Skill      XL: |  1  2  3  4  5  6  7  8  9 10 |
---------------+-------------------------------+-----
Armour         | 4 5 6 7 9 |  9.1
Axes           | 3 4 5 6 8 10 12 13 | 13.1
Shields        | 4 5 6 7 |  7.6
Fighting       | 4 5 7 8 |  8.8
Dodging        | 1 |  1.3
Evocations     | 2 3 |  3.7
Stealth        | |  0.7
Invocations    | |  0.7

Action                   |  1- 3 |  4- 6 |  7- 9 | 10-12 || total
-------------------------+-------+-------+-------+-------++-------
Melee: War axe           |    77 |   190 |   202 |    66 ||   535
       Headbutt          |     6 |    35 |    50 |    18 ||   109
Throw: Javelin           |       |       |     1 |       ||     1
Invok: Divine Shield     |       |       |     2 |       ||     2
Evoke: Wand              |       |       |    14 |     8 ||    22
  Use: Scroll            |       |     2 |    10 |     2 ||    14
       Potion            |       |     2 |     2 |     2 ||     6
Armor: Scale mail        |    39 |       |       |       ||    39
       Plate armour      |    21 |   116 |   107 |    46 ||   290
Dodge: Dodged            |    40 |    48 |    58 |    29 ||   175
Block: Buckler           |    24 |    56 |    66 |     9 ||   155
       Tower shield      |       |       |       |    62 ||    62
